 Dungeon Crawl Stone Soup version 0.25.1-2-g60ff931df9 (webtiles) character file.

Game seed: 14115341606604362035

16 sahdkjhfkaj the Gusty (level 2, -1/22 HPs)
             Began as a Centaur Air Elementalist on Oct 9, 2020.
             Slain by a hound (2 damage)
             ... on level 2 of the Dungeon.
             The game lasted 00:01:47 (1353 turns).

sahdkjhfkaj the Gusty (Centaur Air Elementalist)    Turns: 1353, Time: 00:01:47

Health: -1/22      AC:  4    Str: 10    XL:     2   Next: 37%
Magic:  0/4        EV:  9    Int: 14    God:
Gold:   57         SH:  0    Dex:  9    Spells: 3/4 levels left

rFire    . . .     SeeInvis .   (no weapon)
rCold    . . .     Gourm    .   (no shield)
rNeg     . . .     Faith    .   a - +0 robe
rPois    .         Spirit   .   (no helmet)
rElec    .         Reflect  .   (no cloak)
rCorr    .         Harm     .   (no gloves)
MR       .....                  (no barding)
Stlth    +.........             (no amulet)
HPRegen  0.07/turn              (no ring)
MPRegen  0.09/turn              (no ring)

@: very quick
A: large, hooves 3, deformed body, speed 2, tough skin 3
a: no special abilities


You were on level 2 of the Dungeon.
You were not hungry.

You visited 1 branch of the dungeon, and saw 2 of its levels.

You collected 57 gold pieces.

Inventory:

Armour
 a - a +0 robe (worn)
Jewellery
 b - an uncursed ring of protection from cold {unknown}
 g - a +6 ring of dexterity {unknown}
Scrolls
 h - a scroll of amnesia {unknown}
Potions
 e - a potion of flight {unknown}
 f - a potion of lignification {unknown}
Comestibles
 c - 4 rations
 d - a chunk of flesh


   Skills:
 + Level 0.6 Fighting
 - Level 1.3 Dodging
 - Level 1.1 Stealth
 + Level 1.7 Spellcasting
 * Level 1.4 Conjurations
 * Level 3.0 Air Magic


You had 3 spell levels left.
You knew the following spells:

 Your Spells              Type           Power        Failure   Level  Hunger
a - Shock                 Conj/Air       #...         10%         1    ##.....

Your spell library contained the following spells:

 Spells                   Type           Power        Failure   Level  Hunger
 Swiftness                Chrm/Air       #.......     21%         2    ###....
 Static Discharge         Conj/Air       #.......     30%         3    ####...
 Airstrike                Air            #.........   56%         4    #####..
 Lightning Bolt           Conj/Air       #.........   95%         5    ######.


Dungeon Overview and Level Annotations

Branches:
Dungeon (2/15)

Altars:


Innate Abilities, Weirdness & Mutations

You have hooves in place of feet.
Armour fits poorly on your strangely shaped body.
You cover ground very quickly.
You have extremely tough skin. (AC +3)


Message History

The zap misses the adder.
The hound barely misses you. x2
Unknown command.
The hound closely misses you. The hound bites you.
* * * LOW HITPOINT WARNING * * *
Your magical contamination has completely faded away.
The hound stops to sniff the ground.
The hound bites you.
* * * LOW HITPOINT WARNING * * *
Casting: Shock (safe; 10% risk of failure)
Confirm with . or Enter, or press ? or * to list all spells.
Aiming: Shock (safe; 10% risk of failure)
Press: ? - help, Shift-Dir - straight line, f/p - hound
Aim: a hound (moderately wounded)
The zap hits the hound.
The hound is severely wounded.
The zap hits the adder.
The adder is lightly wounded.
The hound bites you.
You die...

#.......+.........'
##.....##.........#
##....# #.......##
####.## ##.....##
#....######...###
#.###.>.........#
#.# #.#.####..#.#
#.# #.#.......#.#
#@# #.#(####..#.##
#h# #S#.#.........
#.# #.#.#.......##
#.# #.........#.#
#S#####.......#.#
#....S..........#
#################


You could see a hound and an adder.

Vanquished Creatures
  3 giant cockroaches
  2 bats (D:1)
  4 frilled lizards (D:1)
  4 goblins
  A kobold (D:1)
  3 rats
17 creatures vanquished.

Notes
Turn   | Place    | Note
-------+----------+-------------------------------------------
     0 | D:1      | sahdkjhfkaj the Centaur Air Elementalist began the quest
                  | for the Orb.
     0 | D:1      | Reached XP level 1. HP: 14/14 MP: 3/3
    89 | D:1      | Reached skill level 1 in Conjurations
   576 | D:1      | Reached XP level 2. HP: 22/22 MP: 1/4
  1276 | D:2      | Reached skill level 3 in Air Magic
  1350 | D:2      | HP: 1/22 [hound (3)]
  1353 | D:2      | Slain by a hound

Illustrated notes

Levels and vault maps discovered:
D:1:      sevenhm_arrival_forest_fort_small_1, layout_loops_cross
D:2:      layout_loops_corners, first_ration, minmay_hexomino_c4

Skill      XL: |  1  2 |
---------------+-------+-----
Conjurations   | 1 |  1.4
Air Magic      | 3 |  3.0
Fighting       | |  0.6
Dodging        | |  1.3
Stealth        | |  1.1
Spellcasting   | |  1.7

Action                   || total
-------------------------++-------
Melee: Unarmed           ||    19
       Kick              ||     2
 Cast: Shock             ||    32
  Eat: Chunk             ||     1
Armor: Robe              ||     5
Dodge: Dodged            ||    25
